 Dungeon Crawl Stone Soup version 0.16.2-2-g470672f (webtiles) character file.

963 poirepourri the Skirmisher (level 8, -2/111 HPs)
             Began as a Hill Orc Berserker on Aug 23, 2015.
             Was an Elder of Trog.
             Slain by raikaria's ghost (8 damage)
             ... on level 6 of the Dungeon.
             The game lasted 00:12:00 (5927 turns).

poirepourri the Skirmisher (Hill Orc Berserker)     Turns: 5927, Time: 00:12:01

Health: -2/111     AC:  4    Str: 27    XL:     8   Next: 15%
Magic:  8/8        EV: 12    Int:  7    God:    Trog [****..]
Gold:   358        SH:  3    Dex: 10    Spells: 0 memorised, 7 levels left

rFire  x . .     SeeInvis .     l - +0 war axe
rCold  + . .     Clarity  .     k - +0 leather armour
rNeg   . . .     SustAb   .     m - +0 buckler
rPois  .         Gourm    .     (helmet restricted)
rElec  .         Spirit   .     (no cloak)
rCorr  .         Warding  .     (no gloves)
rMut   .         Stasis   .     (no boots)
MR     .....                    (no amulet)
Stlth  ..........               (no ring)
                                g - ring of ice

@: berserking, very quick, not resistant to hostile enchantments, extremely
unstealthy
A: horns 1, sense surroundings 1, regeneration 1, shaggy fur 1
a: Burn Spellbooks, Berserk, Trog's Hand, Brothers in Arms, Renounce Religion


You were on level 6 of the Dungeon.
You worshipped Trog.
Trog was greatly pleased with you.
You were not hungry.

You visited 1 branch of the dungeon, and saw 6 of its levels.

You collected 358 gold pieces.

Inventory:

Hand weapons
 a - a +0 hand axe
 l - a +0 war axe (weapon)
Armour
 b - a +0 animal skin
 k - a +0 leather armour (worn)
 m - a +0 buckler (worn)
Jewellery
 g - a ring of ice (left hand)
Magical devices
 d - a wand of frost (48)
 o - a wand of random effects (25)
 s - a wand of lightning (6)
Scrolls
 c - a scroll of remove curse
 h - 5 scrolls of identify
 i - a scroll of amnesia
 j - 3 scrolls of blinking {unknown}
 r - a scroll of fog
 t - 2 scrolls of teleportation {unknown}
Potions
 e - 3 potions of curing
 n - 2 potions of resistance
Comestibles
 f - a bread ration
 p - a beef jerky
 q - 3 fruits


   Skills:
 * Level 7.7 Fighting
 + Level 6.8 Axes
 + Level 3.9 Armour
 + Level 3.9 Dodging
 + Level 1.1 Stealth
 + Level 0.2 Shields


You had 7 spell levels left.
You didn't know any spells.

Dungeon Overview and Level Annotations

Branches:
Dungeon (6/15)             Temple (0/1) D:4

Altars:
Cheibriados
Elyvilon
Makhleb
Nemelex Xobeh
Okawaru
Trog
Zin
The Shining One

Annotations:
D:6 raikaria's ghost, experienced OgMo


Innate Abilities, Weirdness & Mutations

You have a pair of small horns on your head.
You passively map a small area around you.
Your natural rate of healing is unusually fast.
You are covered in fur (AC +1).


Message History

Raikaria's ghost is lightly damaged.
Raikaria's ghost barely misses you.
You closely miss raikaria's ghost.
Raikaria's ghost is lightly damaged.
Raikaria's ghost hits you!!
* * * LOW HITPOINT WARNING * * *
Use which ability? (? or * to list)
Your ogre goes berserk!
You feel somewhat more hungry. Raikaria's ghost closely misses you.
Raikaria's ghost hits you!
* * * LOW HITPOINT WARNING * * *
Your ogre closely misses raikaria's ghost.
You see here a short sword.
Use which ability? (? or * to list)
A red film seems to cover your vision as you go berserk!
You feel yourself moving faster!
You feel mighty!
You feel somewhat more hungry.
Your ogre barely misses raikaria's ghost.
Raikaria's ghost hits you!
You die...

#############
###########
#............
..........#
#.###########
.########.#
#.######## *
###@####......... ,
#...WO##.#####...
*, ####.###.##.# ,
,, #....# #....# *
#.##>###....# , ,
#,*#.....#### ,
##.####.#W########
...(..............#
*
##.###.###.#####.##


You could see raikaria's ghost and a friendly ogre (berserk).

Vanquished Creatures
  A sky beast (D:5)
  A phantom (D:6)
  3 ogres
  A centaur (D:5)
  A goliath beetle (D:4)
  A centaur zombie (D:5)
  A hound (D:5)
  2 iguanas (D:4)
  2 orc wizards
  A worker ant (D:5)
  Ijyb (D:2)
  A hound zombie (D:5)
  6 adders
  3 gnolls (D:4)
  5 worms
  4 giant geckos
  2 oozes
  9 orcs
  12 bats
  A bat skeleton (D:4)
  A bat zombie (D:5)
  11 hobgoblins
  6 jackals
  15 kobolds
  A ball python skeleton (D:4)
  2 giant cockroaches
  4 giant newts
  13 goblins
  2 jackal skeletons
  2 quokkas
  13 rats
128 creatures vanquished.

Vanquished Creatures (others)
  A butterfly (D:2)
1 creature vanquished.

Grand Total: 129 creatures vanquished

Notes
Turn   | Place    | Note
--------------------------------------------------------------
     0 | D:1      | poirepourri, the Hill Orc Berserker, began the quest for the Orb.
     0 | D:1      | Reached XP level 1. HP: 19/19 MP: 1/1
   253 | D:1      | Reached XP level 2. HP: 27/27 MP: 2/2
   581 | D:1      | Acquired Trog's second power
   627 | D:1      | Reached XP level 3. HP: 24/34 MP: 3/3
  1328 | D:2      | Found a glowing golden altar of the Shining One.
  1391 | D:2      | Noticed Ijyb
  1414 | D:2      | Killed Ijyb
  1414 | D:2      | Reached XP level 4. HP: 18/41 MP: 4/4
  1634 | D:2      | Found a burning altar of Makhleb.
  2033 | D:2      | Gained mutation: You have a pair of small horns on your head. [potion of beneficial mutation]
  2088 | D:2      | Found a sparkling altar of Nemelex Xobeh.
  2089 | D:2      | Found a snail-covered altar of Cheibriados.
  2400 | D:3      | Reached skill level 5 in Axes
  2400 | D:3      | Reached XP level 5. HP: 41/47 MP: 5/5
  2535 | D:3      | Found a white marble altar of Elyvilon.
  2545 | D:3      | Reached skill level 5 in Fighting
  3183 | D:4      | Found a bloodstained altar of Trog.
  3183 | D:4      | Noticed an ogre
  3190 | D:4      | Killed an ogre
  3190 | D:4      | Reached skill level 6 in Fighting
  3190 | D:4      | Reached XP level 6. HP: 34/57 MP: 6/6
  3472 | D:4      | Noticed an ogre
  3480 | D:4      | Killed an ogre
  3521 | D:4      | Gained mutation: You are covered in fur (AC +1). [potion of mutation]
  3521 | D:4      | Gained mutation: You passively map a small area around you. [potion of mutation]
  3521 | D:4      | Gained mutation: Your natural rate of healing is unusually fast. [potion of mutation]
  3752 | D:4      | Reached XP level 7. HP: 54/64 MP: 7/7
  3820 | D:4      | Acquired Trog's third power
  3895 | D:4      | Found a staircase to the Ecumenical Temple.
  4050 | D:5      | Entered Level 5 of the Dungeon
  4248 | D:5      | Reached skill level 7 in Fighting
  4518 | D:5      | Reached skill level 1 in Stealth
  4862 | D:5      | Found a glowing silver altar of Zin.
  5209 | D:5      | Reached XP level 8. HP: 71/73 MP: 8/8
  5631 | D:6      | Found an iron altar of Okawaru.
  5758 | D:6      | Noticed raikaria's ghost (experienced OgMo)
  5927 | D:6      | Slain by raikaria's ghost

Action                   |  1- 3 |  4- 6 |  7- 9 || total
-------------------------+-------+-------+-------++-------
Melee: Hand axe          |    84 |       |       ||    84
       War axe           |    18 |   175 |   104 ||   297
Invok: Berserk           |     1 |     3 |     5 ||     9
       Trog's Hand       |       |     3 |       ||     3
       Brothers in Arms  |       |       |     1 ||     1
  Use: Scroll            |     5 |     1 |       ||     6
       Potion            |     4 |    12 |     4 ||    20
  Eat: Meat ration       |     1 |     1 |       ||     2
       Bread ration      |       |     1 |     3 ||     4
